 Dungeon Crawl Stone Soup version 0.27-a0-1273-gec92ba881d (webtiles) character file.

Game seed: 8355651790526235034

42 deletemesenpai the Skirmisher (level 3, -1/33 HPs)
             Began as a Hill Orc Fighter on June 11, 2021.
             Killed from afar by Sigmund (9 damage)
             ... with a puff of flame
             ... on level 2 of the Dungeon.
             The game lasted 00:02:57 (1345 turns).

deletemesenpai the Skirmisher (Hill Orc Fighter)    Turns: 1345, Time: 00:02:58

Health: -1/33      AC:  8    Str: 19    XL:     3   Next: 56%
Magic:  3/3        EV:  7    Int:  8    God:
Gold:   66         SH:  0    Dex: 10    Spells: 2/2 levels left

rFire    . . .     SeeInvis .   a - +0 war axe
rCold    . . .     Faith    .   c - +0 kite shield
rNeg     . . .     Spirit   .   b - +0 scale mail
rPois    .         Reflect  .   (no helmet)
rElec    .         Harm     .   (no cloak)
rCorr    .         Rampage  .   (no gloves)
Will     .....                  f - +0 pair of boots
Stlth    ..........             (no amulet)
HPRegen  0.11/turn              (no ring)
MPRegen  0.08/turn              (no ring)

@: confused
A: no striking features
a: no special abilities


You were on level 2 of the Dungeon.
You visited 1 branch of the dungeon, and saw 2 of its levels.

You collected 66 gold pieces.

Inventory:

Hand Weapons
 a - a +0 war axe (weapon)
Armour
 b - a +0 scale mail (worn)
 c - a +0 kite shield (worn)
 f - a +0 pair of boots (worn)
Jewellery
 h - a ring of magical power
Scrolls
 e - a scroll of enchant armour {unknown}
 g - a scroll of identify {unknown}
Potions
 d - a potion of might
 i - a potion of berserk rage {unknown}


   Skills:
 + Level 4.1 Fighting
 + Level 3.6 Axes
 + Level 3.7 Armour
 + Level 3.7 Shields


You had 2 spell levels left.
You didn't know any spells.
Your spell library was empty.

Dungeon Overview and Level Annotations

Branches:
Dungeon (2/15)

Altars:

Annotations:
D:2 Sigmund


Message History

The bat hits you but does no damage. The bat closely misses you.
Sigmund points at you and mumbles some strange words.
You resist with significant effort.
You see here a purple potion.
You miss the bat. The bat hits you but does no damage.
You block the bat's attack.
You slash the bat!
You kill the bat!
Sigmund points at you and mumbles some strange words.
You resist with significant effort.
i - a purple potion A rat comes into view.
Sigmund hits you from afar with a +0 scythe.
The rat closely misses you. Sigmund barely misses you.
Sigmund hits you but does no damage.
You closely miss the rat. The rat bites you but does no damage.
You block Sigmund's attack. The rat barely misses you.
You slash the rat!
You kill the rat!
Sigmund barely misses you. Sigmund closely misses you.
You block Sigmund's attack.
You closely miss Sigmund. Sigmund closely misses you.
You slash Sigmund!
Sigmund is moderately wounded.
You block Sigmund's attack. Sigmund hits you with a +0 scythe!
You slash Sigmund!
Sigmund is severely wounded.
Sigmund is suddenly surrounded by pale red light.
Sigmund casts a spell at you.
You are confused.
Sigmund hits you with a +0 scythe.
You bump into the rock wall.
Sigmund points at you and mumbles some strange words.
The magic dart hits you.
You bump into the rock wall.
Sigmund hits you with a +0 scythe!
* * * LOW HITPOINT WARNING * * *
You bump into the rock wall.
Sigmund gestures at you while chanting. The puff of flame hits you!
You die...

.# ######.#.#
......#)#
#####........
.........#.##
#........#...
#.#.#.....#
#..<#...#.#
##.....@#.######
#†..†#>@.......
#.##.#.........
...##.#.#.#.####
#.#####+#+### ..
# ... .. .


You could see Sigmund.

Vanquished Creatures
  2 dart slugs (D:1)
  5 bats
  3 endoplasms (D:1)
  A giant cockroach (D:1)
  4 goblins (D:1)
  A hobgoblin (D:2)
  7 jackals (D:1)
  A kobold (D:1)
  2 quokkas (D:1)
  3 ball pythons (D:1)
  4 rats
33 creatures vanquished.

Vanquished Creatures (others)
  3 plants (D:1)
3 creatures vanquished.

Grand Total: 36 creatures vanquished

Notes
Turn   | Place    | Note
-------+----------+-------------------------------------------
     0 | D:1      | deletemesenpai the Hill Orc Fighter began the quest for the
                  | Orb.
     0 | D:1      | Reached XP level 1. HP: 19/19 MP: 1/1
    92 | D:1      | Found a faded altar of an unknown god.
   179 | D:1      | Reached XP level 2. HP: 27/27 MP: 2/2
   488 | D:1      | Reached skill level 4 in Fighting
   496 | D:1      | Reached XP level 3. HP: 24/33 MP: 3/3
  1328 | D:2      | Noticed Sigmund
  1345 | D:2      | Killed from afar by Sigmund

Illustrated notes

Levels and vault maps discovered:
D:1:      amcnicky_arrival_wind_blow, layout_loops_ring,
          chequers_ecumenical_altar_grove, serial_forest,
          infiniplex_forest_lined_room_3, infiniplex_forest_straight_3,
          infiniplex_forest_straight_2, infiniplex_forest_end_1,
          infiniplex_forest_clump_medium, infiniplex_forest_clump_medium,
          infiniplex_forest_end_2, infiniplex_forest_straight_2,
          minmay_door_square
D:2:      layout_basic, basic_altar, serial_shops, shop_statue, uniq_jessica,
          uniq_sigmund

Skill      XL: |  1  2 |
---------------+-------+-----
Axes           | 3 |  3.6
Fighting       | 4 |  4.1
Armour         | |  3.7
Shields        | |  3.7

Action                   || total
-------------------------++-------
Melee: War axe           ||    87
Armor: Scale mail        ||    51
Dodge: Dodged            ||    44
Block: Kite shield       ||    58

Table legend: (Time is in decaauts)
 A = Elapsed time spent in this place.
 B = Non-inter-level travel time spent in this place.
 C = Inter-level travel time spent in this place.
 D = Time resting spent in this place.
 E = Time spent auto-exploring this place.
 F = Levels seen in this place.
 G = Mean time per level.
                   A        B        C        D        E       F      G
               +--------+--------+--------+--------+--------+-----+--------+
         Total |   1395 |   1395 |      0 |      0 |   1058 |   2 |  697.5 |
       Dungeon |   1395 |   1395 |      0 |      0 |   1058 |   2 |  697.5 |
               +--------+--------+--------+--------+--------+-----+--------+

Top non-repeatable levels by time:
     D:1: 1363 daAuts
     D:2: 32 daAuts
